[Event "42nd Olympiad Baku 2016 Women"]
[Site "Baku"]
[Date "2016.09.05"]
[Round "4.27"]
[White "Kruk, Karina"]
[Black "Fredericia, Louise"]
[Result "0-1"]
[ECO "A80"]
[WhiteElo "1766"]
[BlackElo "2117"]
[Annotator ""]
[PlyCount "68"]
[EventDate "2016.??.??"]
[EventCountry "AZE"]
[SourceTitle "playchess.com"]
[Source "ChessBase"]
[WhiteTeam "Ireland"]
[BlackTeam "Denmark"]
[WhiteTeamCountry "IRL"]
[BlackTeamCountry "DEN"]
[TimeControl "40/5400+30:1800+30"]

1. d4 {(00:00)} f5 {(00:00)} 2. Nf3 {(00:00)} e6 {(
00:53)} 3. g3 {(00:28)} Nf6 {(00:24)} 4. Bg2 {(00:19)} Be7
{(00:38)} 5. O-O {(00:47)} O-O {(00:22)} 6. e3 {(
06:08)} d6 {(06:43)} 7. b3 {(00:53)} Ne4 {(02:40)} 8. Nfd2
{(06:11)} d5 {(02:58)} 9. c4 {(11:19)} Nd7 {(07:45]
} 10. Nxe4 {(06:11)} fxe4 {(00:53)} 11. Ba3 {(00:36)} Nf6
{(06:33)} 12. h3 {(16:48)} Bd7 {(04:34)} 13. Qe2 {(
06:16)} Be8 {(05:46)} 14. cxd5 {(10:24)} exd5 {(00:44)}
15. Rc1 {(00:36)} Rc8 {(05:02)} 16. Bxe7 {(08:03)} Qxe7 {
(00:08)} 17. Nc3 {(00:07)} c6 {(03:19)} 18. Rc2 {(
06:32)} h5 {(05:32)} 19. Rf1 {(03:26)} Bd7 {(00:18)} 20.
Qe1 {(09:49)} Bf5 {(03:11)} 21. Ne2 {(00:15)} g5 {(
01:53)} 22. Kh1 {(02:16)} Kh7 {(00:13)} 23. Ng1 {(00:24)}
Qd6 {(03:06)} 24. Rb2 {(01:34)} Rce8 {(02:43)} 25. b4 {
(01:27)} a6 {(01:57)} 26. a4 {(00:33)} b5 {(00:16)}
27. a5 {(00:29)} Rf7 {(04:42)} 28. Rc2 {(01:07)} Rg8 {
(00:20)} 29. Rc5 {(00:20)} h4 {(02:50)} 30. g4 {(
00:49)} Bxg4 {(00:32)} 31. hxg4 {(00:23)} Nxg4 {(00:15)}
32. f4 {(00:42)} exf3 {(00:23)} 33. Nxf3 {(00:34)} Rxf3 {
(00:21)} 34. Qb1+ {(00:36)} Kh8 0-1

[Event "42nd Olympiad Baku 2016 Women"]
[Site "Baku"]
[Date "2016.09.05"]
[Round "4.3"]
[White "Kurbonboeva, Sarvinoz"]
[Black "Exler, Veronika"]
[Result "1/2-1/2"]
[ECO "D31"]
[WhiteElo "2223"]
[BlackElo "2220"]
[Annotator ""]
[PlyCount "118"]
[EventDate "2016.??.??"]
[EventCountry "AZE"]
[SourceTitle "playchess.com"]
[Source "ChessBase"]
[WhiteTeam "Uzbekistan"]
[BlackTeam "Austria"]
[WhiteTeamCountry "UZB"]
[BlackTeamCountry "AUT"]
[TimeControl "40/5400+30:1800+30"]

1. d4 {(00:00)} d5 {(00:00)} 2. c4 {(00:00)} e6 {(
00:00)} 3. Nc3 {(00:00)} Bb4 {(00:00)} 4. e3 {(00:43)} Nf6
{(00:11)} 5. Bd3 {(00:18)} O-O {(00:50)} 6. Nge2 {(
00:32)} b6 {(04:23)} 7. cxd5 {(02:29)} exd5 {(00:07)} 8.
O-O {(01:17)} Bb7 {(02:11)} 9. a3 {(04:04)} Bd6 {(
00:31)} 10. Ng3 {(03:44)} Re8 {(02:27)} 11. b4 {(05:00)}
c5 {(13:48)} 12. bxc5 {(08:22)} bxc5 {(00:06)} 13. dxc5 {
(01:03)} Bxc5 {(09:22)} 14. Rb1 {(02:47)} Bc6 {(24:
45)} 15. Qc2 {(27:35)} Nbd7 {(22:19)} 16. Nce2 {(01:33)}
Rb8 {(01:45)} 17. Bb2 {(14:26)} Qa5 {(10:05)} 18. Bxf6 {
(07:54)} Nxf6 {(00:02)} 19. Rbc1 {(00:17)} Bxa3 {(
00:47)} 20. Qxc6 {(01:51)} Bxc1 {(00:02)} 21. Rxc1 {(00:
32)} Qd2 {(02:36)} 22. Bf5 {(02:00)} a5 {(00:07)} 23. Ra1
{(03:20)} Rb2 {(01:06)} 24. h4 {(05:31)} Reb8 {(01:
36)} 25. Qc3 {(02:06)} Qxc3 {(01:45)} 26. Nxc3 {(00:01)}
g6 {(00:06)} 27. Bh3 {(03:47)} Rc2 {(00:57)} 28. Nge2 {
(01:59)} Rbb2 {(00:07)} 29. Rxa5 {(00:43)} Rxe2 {(
00:18)} 30. Nxe2 {(00:01)} Rxe2 {(00:08)} 31. Ra8+ {(00:
22)} Kg7 {(00:06)} 32. Ra7 {(00:18)} Kf8 {(00:59)} 33.
Ra8+ {(00:34)} Kg7 {(00:01)} 34. Ra7 {(00:55)} Kf8 {
(00:06)} 35. Kf1 {(00:27)} Rc2 {(00:27)} 36. f3 {(
00:30)} d4 {(02:46)} 37. Ra8+ {(00:40)} Ke7 {(00:11)} 38.
exd4 {(00:29)} Rc4 {(00:23)} 39. Ke2 {(00:24)} Rxd4 {
(00:05)} 40. Ra7+ {(00:00)} Nd7 {(00:00)} 41. Ke3 {
(01:05)} Rd6 {(01:53)} 42. Kf4 {(04:11)} Rd4+ {(09:
58)} 43. Ke3 {(05:33)} Rd1 {(00:05)} 44. h5 {(01:11)} f5 {
(08:24)} 45. Kf4 {(03:56)} Kf6 {(00:30)} 46. Ra6+ {
(00:33)} Kg7 {(00:31)} 47. Kg5 {(01:06)} Nf8 {(09:
10)} 48. g4 {(08:13)} h6+ {(02:37)} 49. Kf4 {(00:36)} Rh1
{(01:35)} 50. Ra7+ {(05:16)} Kf6 {(00:26)} 51. gxf5 {
(00:28)} Rxh3 {(00:52)} 52. hxg6 {(01:34)} Nxg6+ {(
00:42)} 53. Kg4 {(00:02)} Rh4+ {(00:30)} 54. Kg3 {(00:01)}
Kxf5 {(00:28)} 55. Ra5+ {(00:11)} Kf6 {(00:16)} 56. Ra6+ {
(00:09)} Kf5 {(00:06)} 57. Ra5+ {(01:14)} Kf6 {(00:
06)} 58. Ra6+ {(00:14)} Kf5 {(00:35)} 59. Ra5+ {(00:03)}
Kf6 {(00:00)} 1/2-1/2

[Event "42nd Olympiad Baku 2016 Women"]
[Site "Baku"]
[Date "2016.09.05"]
[Round "4.7"]
[White "Levushkina, Elena"]
[Black "Fernandez, Maria Florencia"]
[Result "1/2-1/2"]
[ECO "C03"]
[WhiteElo "2342"]
[BlackElo "2189"]
[Annotator ""]
[PlyCount "143"]
[EventDate "2016.??.??"]
[EventCountry "AZE"]
[SourceTitle "playchess.com"]
[Source "ChessBase"]
[WhiteTeam "Germany"]
[BlackTeam "Argentina"]
[WhiteTeamCountry "GER"]
[BlackTeamCountry "ARG"]
[TimeControl "40/5400+30:1800+30"]

1. e4 {(00:00)} e6 {(00:00)} 2. d4 {(00:00)} d5 {(
00:00)} 3. Nd2 {(00:00)} h6 {(00:00)} 4. Bd3 {(02:36)} c5
{(00:06)} 5. dxc5 {(07:20)} Bxc5 {(01:13)} 6. Ngf3 {
(01:26)} Nf6 {(02:57)} 7. Qe2 {(02:46)} O-O {(17:
38)} 8. O-O {(03:37)} Nc6 {(01:44)} 9. c3 {(09:36)} Qc7 {
(14:05)} 10. Bc2 {(07:05)} a5 {(07:08)} 11. e5 {(
24:37)} Nd7 {(11:10)} 12. Nb3 {(00:49)} Ba7 {(07:02)} 13.
Re1 {(08:17)} Re8 {(05:11)} 14. Nbd4 {(02:28)} Bc5 {
(05:34)} 15. Bf4 {(04:34)} Nf8 {(01:18)} 16. Qd2 {(
01:11)} Nxd4 {(01:23)} 17. Nxd4 {(00:13)} Ng6 {(03:40)}
18. Bg3 {(04:36)} Qb6 {(03:04)} 19. h4 {(02:17)} Bxd4 {
(03:34)} 20. cxd4 {(00:56)} Ne7 {(01:05)} 21. Bf4 {
(07:26)} Nf5 {(05:59)} 22. Rad1 {(00:26)} Bd7 {(03:
14)} 23. h5 {(05:41)} Rac8 {(00:47)} 24. Bb1 {(00:09)} Rc4
{(00:36)} 25. Bxf5 {(01:12)} exf5 {(00:03)} 26. Re3 {
(00:49)} Qb4 {(00:47)} 27. Qd3 {(01:41)} Qxb2 {(00:
56)} 28. Rg3 {(00:04)} Kh7 {(02:07)} 29. Rb1 {(01:33)}
Qxd4 {(00:22)} 30. Bd2 {(00:42)} Qxd3 31. Rxd3 {(00:02)}
Bc6 {(01:25)} 32. Bxa5 {(01:00)} Rxe5 {(00:19)} 33. Bc3 {
(00:19)} Re2 {(00:19)} 34. Bd4 {(00:53)} Rxa2 {(00:
13)} 35. Re1 {(00:24)} Raa4 {(00:27)} 36. Bb2 {(00:29)}
Re4 {(00:42)} 37. Red1 {(00:19)} Rac4 {(01:14)} 38. Ra1 {
(00:29)} Rc2 {(00:39)} 39. Bc3 {(00:47)} Rc4 {(00:
44)} 40. Bd4 {(00:00)} Rc1+ {(00:00)} 41. Rxc1 {(00:27)}
Rxc1+ {(00:14)} 42. Kh2 {(00:08)} Rc4 {(03:02)} 43. Kg3 {
(00:38)} b5 {(07:40)} 44. Kf4 {(00:57)} b4 {(02:33]
} 45. Ke5 {(12:30)} f6+ {(03:58)} 46. Kd6 {(01:20)} Bb7 {
(07:16)} 47. Bc5 {(07:54)} d4 {(03:05)} 48. g3 {(
05:25)} b3 {(02:25)} 49. Rxb3 {(01:33)} Be4 {(00:54)} 50.
Rb4 {(03:25)} Rxb4 {(02:32)} 51. Bxb4 {(00:01)} Bf3 {
(01:08)} 52. Kc5 {(00:10)} d3 {(00:13)} 53. Kd4 {(
00:04)} Be2 {(00:28)} 54. Bd2 {(01:28)} Kg8 {(00:04)} 55.
Ke3 {(01:40)} Kf7 {(01:25)} 56. Bb4 {(00:21)} Bxh5 {
(01:15)} 57. Kxd3 {(00:06)} f4 {(00:03)} 58. gxf4 {
(00:27)} Bf3 {(00:27)} 59. Ke3 {(00:14)} Bg4 {(00:
09)} 60. f3 {(01:00)} Bd7 {(00:29)} 61. Kf2 {(00:50)} h5 {
(00:06)} 62. Kg3 {(00:45)} g6 {(00:13)} 63. Bd2 {(
00:28)} Ke6 {(00:04)} 64. Bc1 {(00:26)} Kf5 {(00:04)} 65.
Bd2 {(00:28)} Bc6 {(00:07)} 66. Bc1 {(00:41)} Ke6 {
(00:28)} 67. Bd2 {(00:14)} Kd5 {(00:09)} 68. Ba5 {(
00:30)} Kd4 {(00:19)} 69. Bd8 {(00:13)} f5 {(00:08)} 70.
Bg5 {(00:51)} Ke3 {(00:03)} 71. Bh4 {(00:08)} Bxf3 {
(00:05)} 72. Bg5 {(00:05)} 1/2-1/2

[Event "42nd Olympiad Baku 2016 Women"]
[Site "Baku"]
[Date "2016.09.05"]
[Round "4.32"]
[White "Librelato, Kathie Goulart"]
[Black "Katanova, Aynur"]
[Result "1/2-1/2"]
[ECO "B19"]
[WhiteElo "2079"]
[BlackElo "1784"]
[Annotator ""]
[PlyCount "114"]
[EventDate "2016.??.??"]
[EventCountry "AZE"]
[SourceTitle "playchess.com"]
[Source "ChessBase"]
[WhiteTeam "Brazil"]
[BlackTeam "Azerbaijan"]
[WhiteTeamCountry "BRA"]
[BlackTeamCountry "AZE"]
[TimeControl "40/5400+30:1800+30"]

1. e4 {(00:00)} c6 {(00:00)} 2. d4 {(00:00)} d5 {(
00:00)} 3. Nc3 {(00:00)} dxe4 {(00:00)} 4. Nxe4 {(00:04)}
Bf5 {(00:00)} 5. Ng3 {(00:10)} Bg6 {(00:00)} 6. h4 {
(00:14)} h6 {(00:00)} 7. Nf3 {(00:11)} Nd7 {(00:00]
} 8. h5 {(00:10)} Bh7 {(00:02)} 9. Bd3 {(00:21)} Bxd3 {
(00:04)} 10. Qxd3 {(00:06)} e6 {(00:07)} 11. Bd2 {(
00:27)} Ngf6 {(00:12)} 12. O-O-O {(00:14)} Be7 {(00:06)}
13. Kb1 {(02:15)} Qb6 {(00:11)} 14. Ne4 {(29:27)} Rd8 {
(00:36)} 15. Nxf6+ {(04:04)} Bxf6 {(17:04)} 16. Qe2 {
(11:34)} c5 {(18:30)} 17. Be3 {(19:29)} O-O {(08:
23)} 18. g4 {(02:35)} cxd4 {(24:52)} 19. Nxd4 {(01:05)} a6
{(02:13)} 20. c3 {(03:37)} Qc7 {(02:36)} 21. g5 {(
08:26)} hxg5 {(07:01)} 22. Qg4 {(04:27)} Qa5 {(08:29)} 23.
Rdg1 {(05:42)} Ne5 {(01:37)} 24. Qg3 {(02:37)} Nc4 {
(01:13)} 25. Bxg5 {(01:41)} Bxg5 {(00:58)} 26. Qxg5 {
(00:08)} Qxg5 {(00:34)} 27. Rxg5 {(00:01)} Kh7 {(
00:51)} 28. Rhg1 {(00:30)} Rg8 {(00:40)} 29. Kc2 {(00:33)}
Nd6 {(00:55)} 30. f3 {(00:58)} Rd7 {(02:47)} 31. b3 {
(00:34)} f6 {(02:55)} 32. Rg6 {(00:31)} e5 {(00:56]
} 33. Ne6 {(01:28)} Re7 {(00:09)} 34. Ng5+ {(01:44)} fxg5
{(02:00)} 35. Rxd6 {(00:02)} g6 {(00:42)} 36. Rxg5 {
(00:50)} gxh5 {(00:10)} 37. Rxh5+ {(00:20)} Kg7 {(
00:04)} 38. Rhh6 {(00:35)} Kf7 {(00:36)} 39. Kd3 {(00:56)}
Rg7 {(00:50)} 40. Ke4 {(00:00)} Rg2 {(00:00)} 41. Rb6 {
(09:55)} Kf8 {(06:50)} 42. Rh8+ {(08:28)} Kg7 {(00:
20)} 43. Rb8 {(03:16)} Re2+ {(05:11)} 44. Kd3 {(00:44)}
Rxa2 {(02:02)} 45. R8xb7 {(00:12)} Rxb7 {(00:39)} 46.
Rxb7+ {(00:01)} Kf6 {(00:06)} 47. Rb6+ {(00:49)} Kf5 {
(00:05)} 48. c4 {(00:18)} Rf2 {(00:50)} 49. Ke3 {(
01:12)} Rc2 {(00:10)} 50. Rb8 {(00:47)} a5 {(00:36)} 51.
Rf8+ {(04:23)} Ke6 {(00:36)} 52. Kd3 {(01:09)} Rb2 {
(00:40)} 53. Rb8 {(01:57)} Rf2 {(03:17)} 54. Ke3 {(
01:16)} Rc2 {(00:26)} 55. Rb5 {(00:45)} a4 {(01:10)} 56.
bxa4 {(02:00)} Rxc4 {(00:18)} 57. a5 {(00:06)} Ra4 {
(00:47] Ke4} 1/2-1/2

[Event "42nd Olympiad Baku 2016 Women"]
[Site "Baku"]
[Date "2016.09.05"]
[Round "4.32"]
[White "Lkhamsuren, Uuganbayar"]
[Black "Rodshtein, Tereza"]
[Result "0-1"]
[ECO "C60"]
[WhiteElo "2147"]
[BlackElo "2230"]
[Annotator ""]
[PlyCount "120"]
[EventDate "2016.??.??"]
[EventCountry "AZE"]
[SourceTitle "playchess.com"]
[Source "ChessBase"]
[WhiteTeam "Mongolia"]
[BlackTeam "Czech Republic"]
[WhiteTeamCountry "MGL"]
[BlackTeamCountry "CZE"]
[TimeControl "40/5400+30:1800+30"]

1. e4 {(00:00)} e5 {(00:00)} 2. Nf3 {(00:00)} Nc6 {
(00:00)} 3. Bb5 {(00:00)} g6 {(01:36)} 4. c3 {(00:
15)} a6 {(01:22)} 5. Bc4 {(00:43)} Bg7 {(02:04)} 6. d4 {
(01:18)} d6 {(00:30)} 7. O-O {(05:54)} Nf6 {(13:50]
} 8. dxe5 {(10:09)} Nxe5 {(05:28)} 9. Nxe5 {(01:29)} dxe5
{(00:03)} 10. Qxd8+ {(03:35)} Kxd8 {(00:01)} 11. Bg5 {
(01:13)} Ke8 {(08:49)} 12. Bxf6 {(24:59)} Bxf6 {(
00:04)} 13. f4 {(01:44)} Rf8 {(09:48)} 14. fxe5 {(02:24)}
Bxe5 {(00:07)} 15. Nd2 {(00:24)} Bd7 {(05:30)} 16. Nf3 {
(01:56)} Bf4 {(00:47)} 17. Rae1 {(10:18)} Bb5 {(12:
58)} 18. Bxb5+ {(09:06)} axb5 {(00:02)} 19. a3 {(00:34)}
c6 {(01:00)} 20. e5 {(02:06)} Ke7 {(02:18)} 21. Re4 {
(01:55)} Bh6 {(00:27)} 22. Rfe1 {(02:22)} Bg7 {(03:
10)} 23. Rh4 {(01:54)} h6 {(01:08)} 24. Rb4 {(02:36)} Ra4
{(03:37)} 25. Rxa4 {(04:17)} bxa4 {(00:02)} 26. Re4 {
(00:10)} Ra8 {(00:44)} 27. Kf2 {(02:43)} Ke6 {(04:
37)} 28. Ke3 {(02:09)} c5 {(03:53)} 29. Ne1 {(03:23)} b5 {
(02:14)} 30. Nd3 {(00:28)} Kd5 {(04:12)} 31. Nf4+ {
(02:56)} Kc6 {(00:01)} 32. Nd3 {(00:21)} Re8 {(00:
56)} 33. Kf3 {(02:09)} g5 {(08:41)} 34. Kg4 {(00:51)} Rd8
{(00:47)} 35. Re3 {(00:19)} Kd5 {(00:37)} 36. Kf5 {
(00:42)} Kc4 {(00:07)} 37. Ke4 {(00:34)} f5+ {(03:
43)} 38. exf6 {(00:09)} Bxf6 {(00:01)} 39. Rf3 {(00:46)}
Bh8 {(02:39)} 40. Rg3 {(00:00)} Rf8 {(00:00)} 41. b4 {
(09:00)} Bxc3 {(04:55)} 42. bxc5 {(06:03)} Re8+ {(
09:45)} 43. Kf5 {(00:11)} Rc8 {(00:02)} 44. Ke6 {(01:46)}
b4 {(02:03)} 45. axb4 {(06:52)} a3 {(00:29)} 46. Nc1 {
(00:17)} Bxb4 {(00:48)} 47. Kd7 {(09:26)} Rxc5 {(
01:10)} 48. Na2 {(00:12)} Rf5 {(02:48)} 49. Ke6 {(00:55)}
Rf4 {(01:25)} 50. Re3 {(00:34)} Bc5 {(02:07)} 51. Rc3+ {
(00:47)} Kd4 {(00:08)} 52. Rc2 {(00:12)} Rf1 {(01:
27)} 53. Nc1 {(00:20)} Bb4 {(01:45)} 54. h3 {(00:53)} Rd1
{(01:21)} 55. Na2 {(00:36)} Ba5 {(00:59)} 56. Nc1 {
(00:26)} Bd2 {(02:07)} 57. Nb3+ {(00:28)} Kd3 {(00:
19)} 58. Rc8 {(00:16)} Bc3 {(00:39)} 59. Ra8 {(00:52)} Bb2
{(00:14)} 60. Kf5 {(00:31)} Kc3 {(00:20)} 0-1

[Event "42nd Olympiad Baku 2016 Women"]
[Site "Baku"]
[Date "2016.09.05"]
[Round "4.31"]
[White "Longson, Sarah N"]
[Black "Silva, Mariana Sofia T"]
[Result "0-1"]
[ECO "B35"]
[WhiteElo "2103"]
[BlackElo "1789"]
[Annotator ""]
[PlyCount "114"]
[EventDate "2016.??.??"]
[EventCountry "AZE"]
[SourceTitle "playchess.com"]
[Source "ChessBase"]
[WhiteTeam "England"]
[BlackTeam "Portugal"]
[WhiteTeamCountry "ENG"]
[BlackTeamCountry "POR"]
[TimeControl "40/5400+30:1800+30"]

1. e4 {(00:00)} c5 {(00:00)} 2. Nf3 {(00:00)} Nc6 {
(00:00)} 3. d4 {(00:00)} cxd4 {(00:00)} 4. Nxd4 {(
00:00)} g6 {(00:10)} 5. Nc3 {(00:00)} Bg7 {(00:07)} 6. Be3
{(00:00)} Nf6 {(00:09)} 7. Bc4 {(00:21)} Qa5 {(00:
07)} 8. O-O {(00:21)} O-O {(00:08)} 9. h3 {(01:02)} Qb4 {
(16:57)} 10. Bb3 {(16:30)} Nxe4 {(15:34)} 11. Nxe4 {
(08:02)} Nxd4 {(00:15)} 12. c3 {(02:53)} Ne2+ {(01:
06)} 13. Qxe2 {(00:05)} Qxe4 {(00:05)} 14. Rad1 {(03:16)}
d6 {(08:49)} 15. Bc2 {(20:52)} Qc6 {(02:27)} 16. Bg5 {
(02:18)} Re8 {(06:06)} 17. Bb3 {(02:29)} e6 {(10:
21)} 18. c4 {(09:51)} a5 {(06:09)} 19. Rd2 {(01:50)} b6 {
(04:48)} 20. Rfd1 {(03:57)} Bb7 {(00:38)} 21. f3 {(
00:13)} Bf8 {(05:49)} 22. Kh1 {(10:35)} Ba6 {(03:07)} 23.
Rd4 {(04:58)} Rac8 {(02:10)} 24. Qf2 {(01:38)} a4 {
(04:12)} 25. Bc2 {(00:49)} Bxc4 {(02:48)} 26. Rc1 {
(05:53)} Qb5 {(01:56)} 27. Bf6 {(01:18)} d5 {(02:
06)} 28. Rh4 {(00:27)} Bg7 {(01:20)} 29. Bxg7 {(00:23)}
Kxg7 {(00:07)} 30. Qe3 {(00:54)} h5 {(03:05)} 31. Qe5+ {
(00:37)} f6 {(00:59)} 32. Qe3 {(02:00)} Qc5 {(00:
35)} 33. Qd2 {(00:58)} Qe7 {(00:35)} 34. g4 {(00:24)} Rh8
{(01:05)} 35. gxh5 {(00:14)} g5 {(00:23)} 36. Rg1 {
(00:40)} Kf8 {(00:44)} 37. Rhg4 {(01:15)} Rxh5 {(
00:47)} 38. f4 {(00:27)} Rxh3+ {(00:19)} 39. Kg2 {(00:01)}
Rh4 {(01:56)} 40. Rxh4 {(00:00)} gxh4 {(00:00)} 41. Kh3 {
(03:48)} Qc5 {(06:08)} 42. Kh2 {(09:14)} Be2 {(10:
13)} 43. Bh7 {(01:42)} Bf3 {(00:56)} 44. b4 {(10:11)} axb3
{(01:44)} 45. axb3 {(00:06)} f5 {(01:54)} 46. Rg8+ {
(02:08)} Kf7 {(00:45)} 47. Rxc8 {(00:33)} Qxc8 {(
00:02)} 48. Qa2 {(03:03)} Qc7 {(02:19)} 49. Kh3 {(01:33)}
Bg4+ {(01:17)} 50. Kg2 {(02:19)} d4 {(02:36)} 51. Qa8 {
(01:45)} Qc2+ {(02:05)} 52. Kg1 {(00:06)} Qd1+ {(
00:20)} 53. Kh2 {(00:45)} Qe2+ {(00:45)} 54. Kg1 {(00:09)}
Qe3+ {(00:22)} 55. Kh2 {(00:25)} Qxf4+ {(00:12)} 56. Kg1 {
(00:07)} Qg3+ {(00:14)} 57. Kf1 {(00:06)} Qf3+ {(
00:06)} 0-1

[Event "42nd Olympiad Baku 2016 Women"]
[Site "Baku"]
[Date "2016.09.05"]
[Round "4.13"]
[White "Lu, Rachel"]
[Black "Al-Rufaye, Iman Hasan Mohammed"]
[Result "0-1"]
[ECO "C88"]
[WhiteElo "1671"]
[BlackElo "2001"]
[Annotator ""]
[PlyCount "92"]
[EventDate "2016.??.??"]
[EventCountry "AZE"]
[SourceTitle "playchess.com"]
[Source "ChessBase"]
[WhiteTeam "Hong Kong"]
[BlackTeam "Iraq"]
[WhiteTeamCountry "HKG"]
[BlackTeamCountry "IRQ"]
[TimeControl "40/5400+30:1800+30"]

1. e4 {(00:00)} e5 {(00:00)} 2. Nf3 {(00:00)} Nc6 {
(00:00)} 3. Bb5 {(00:00)} a6 {(00:00)} 4. Ba4 {(00:
08)} Nf6 {(00:00)} 5. O-O {(00:10)} Be7 {(00:09)} 6. Re1 {
(00:13)} b5 {(00:18)} 7. Bb3 {(00:05)} d6 {(00:07)}
8. h3 {(00:18)} Na5 {(10:08)} 9. c3 {(04:52)} Nxb3 {
(02:43)} 10. axb3 {(00:25)} c5 {(03:03)} 11. d3 {(
10:11)} O-O {(02:48)} 12. Na3 {(01:54)} Bb7 {(01:49)} 13.
c4 {(03:07)} Nd7 {(17:18)} 14. Bd2 {(02:30)} Bc6 {(
07:49)} 15. b4 {(07:06)} Qb6 {(14:49)} 16. bxc5 {(11:28)}
dxc5 {(01:28)} 17. Qb3 {(05:30)} b4 {(03:03)} 18. Nc2 {
(02:02)} f5 {(00:26)} 19. Nh2 {(09:45)} a5 {(01:53]
} 20. Ne3 {(07:18)} fxe4 {(03:14)} 21. dxe4 {(00:32)} Bxe4
{(02:28)} 22. Neg4 {(05:15)} Qg6 {(03:12)} 23. Qg3 {
(01:14)} Bd6 {(07:44)} 24. Qh4 {(08:34)} Bc6 {(02:
19)} 25. Ne3 {(03:17)} Nf6 {(02:39)} 26. f3 {(01:50)} e4 {
(00:59)} 27. f4 {(01:10)} Nh5 {(01:44)} 28. f5 {(
00:11)} Bg3 {(02:55)} 29. fxg6 {(02:01)} Bxh4 {(00:12)}
30. gxh7+ {(00:09)} Kxh7 {(00:17)} 31. Rf1 {(00:09)} a4 {
(01:41)} 32. Nhg4 {(01:37)} Ng3 {(00:46)} 33. Rxf8 {
(03:06)} Rxf8 {(00:11)} 34. Be1 {(02:24)} Ne2+ {(
00:56)} 35. Kh2 {(00:36)} Bd8 {(02:15)} 36. Nd5 {(02:56)}
Rf1 {(03:16)} 37. Nge3 {(00:36)} Rf8 {(00:58)} 38. Bd2 {
(03:16)} Nd4 {(00:22)} 39. Kg1 {(01:09)} Bg5 {(01:
09)} 40. Rd1 {(00:00)} Nb3 {(00:00)} 41. Nf1 {(06:40)}
Rxf1+ {(04:52)} 42. Rxf1 {(00:36)} Nxd2 {(00:23)} 43. Rf5
{(03:35)} Kg6 {(08:38)} 44. Re5 {(02:55)} Bb7 {(07:
03)} 45. Nb6 {(03:49)} a3 {(01:18)} 46. bxa3 {(01:50)}
bxa3 0-1

[Event "42nd Olympiad Baku 2016 Women"]
[Site "Baku"]
[Date "2016.09.05"]
[Round "4.24"]
[White "Machlik, Monika"]
[Black "Sucikova, Svetlana"]
[Result "1-0"]
[ECO "B10"]
[WhiteElo "2060"]
[BlackElo "2112"]
[Annotator ""]
[PlyCount "73"]
[EventDate "2016.??.??"]
[EventCountry "AZE"]
[SourceTitle "playchess.com"]
[Source "ChessBase"]
[WhiteTeam "Norway"]
[BlackTeam "Slovakia"]
[WhiteTeamCountry "NOR"]
[BlackTeamCountry "SVK"]
[TimeControl "40/5400+30:1800+30"]

1. e4 {(00:00)} c6 {(00:03)} 2. Nc3 {(00:00)} d5 {(
01:35)} 3. Nf3 {(00:09)} dxe4 {(01:59)} 4. Nxe4 {(00:06)}
Bg4 {(00:12)} 5. h3 {(06:39)} Bh5 {(01:30)} 6. Ng3 {
(01:49)} Bg6 {(02:33)} 7. h4 {(01:14)} h6 {(11:17)}
8. Ne5 {(01:04)} Qd6 {(00:11)} 9. d4 {(05:19)} Nd7 {
(03:54)} 10. Nxg6 {(06:12)} Qxg6 {(00:12)} 11. Be3 {
(08:03)} Qd6 {(03:49)} 12. Qd2 {(07:06)} Ngf6 {(18:
49)} 13. c4 {(06:31)} e5 {(10:29)} 14. O-O-O {(06:46)} Ng4
{(08:41)} 15. Be2 {(11:25)} Nxe3 {(01:23)} 16. Qxe3 {
(01:22)} Qe6 {(09:26)} 17. Bd3 {(09:10)} g6 {(02:
29)} 18. dxe5 {(02:51)} O-O-O {(03:51)} 19. f4 {(04:16)}
Bc5 {(01:47)} 20. Qe2 {(01:15)} Kb8 {(03:26)} 21. Ne4 {
(02:26)} Be7 {(00:14)} 22. g3 {(04:26)} Nb6 {(02:
11)} 23. c5 {(02:28)} Nd7 {(03:44)} 24. Bc4 {(01:03)} Qf5
{(00:01)} 25. Nd6 {(06:49)} Bxd6 {(00:06)} 26. cxd6 {
(00:21)} Rhe8 {(00:09)} 27. Rhe1 {(00:45)} Nb6 {(
01:11)} 28. Bb3 {(01:02)} g5 {(02:32)} 29. hxg5 {(00:51)}
hxg5 {(00:07)} 30. Qe4 {(01:10)} Qd7 {(02:16)} 31. f5 {
(00:50)} c5 {(01:33)} 32. e6 {(00:47)} fxe6 {(00:
32)} 33. fxe6 {(00:12)} Qg7 {(01:15)} 34. e7 {(00:28)} Rd7
{(00:15)} 35. Be6 {(00:31)} Qf6 {(02:42)} 36. Bxd7 {
(00:22)} Nxd7 {(00:04)} 37. Qe6 {(00:50)} 1-0

[Event "42nd Olympiad Baku 2016 Women"]
[Site "Baku"]
[Date "2016.09.05"]
[Round "4.12"]
[White "Magnusdottir, Veronika Steinunn"]
[Black "Partac, Elena"]
[Result "1/2-1/2"]
[ECO "B40"]
[WhiteElo "1777"]
[BlackElo "2086"]
[Annotator ""]
[PlyCount "66"]
[EventDate "2016.??.??"]
[EventCountry "AZE"]
[SourceTitle "playchess.com"]
[Source "ChessBase"]
[WhiteTeam "Iceland"]
[BlackTeam "Moldova"]
[WhiteTeamCountry "ISL"]
[BlackTeamCountry "MDA"]
[TimeControl "40/5400+30:1800+30"]

1. e4 {(00:00)} c5 {(00:00)} 2. Nf3 {(00:00)} e6 {(
00:00)} 3. d4 {(00:00)} cxd4 {(00:00)} 4. Nxd4 {(00:00)}
Nf6 {(00:00)} 5. Bd3 {(00:18)} Nc6 6. Nxc6 {(03:01)} dxc6
{(06:20)} 7. O-O {(05:56)} e5 {(01:46)} 8. h3 {(04:
46)} Bc5 {(17:44)} 9. Nd2 {(07:13)} Qc7 {(17:01)} 10. Nc4
{(17:39)} Be6 {(04:36)} 11. Qf3 {(03:31)} O-O-O {(
19:12)} 12. c3 {(19:20)} h6 {(06:26)} 13. b4 {(04:19)} Be7
{(01:03)} 14. a4 {(16:37)} g5 {(05:06)} 15. Qe2 {(
01:51)} Rhg8 {(02:40)} 16. Ne3 {(05:55)} Nh5 {(03:10)} 17.
Bc4 {(02:09)} Nf4 {(02:46)} 18. Bxe6+ {(00:07)} fxe6 {
(00:12)} 19. Qc4 {(02:35)} Rg6 {(02:37)} 20. b5 {(
01:26)} h5 {(04:12)} 21. bxc6 {(00:20)} Qxc6 {(00:12)} 22.
Qxc6+ {(00:25)} bxc6 {(00:01)} 23. Nc4 {(00:38)} Bd6 {
(02:17)} 24. Be3 {(00:14)} Bb8 {(00:31)} 25. Rfd1 {
(02:08)} Rxd1+ {(03:28)} 26. Rxd1 {(00:02)} g4 {(
00:36)} 27. hxg4 {(00:50)} Rxg4 {(00:13)} 28. Bxf4 {(00:
44)} exf4 {(00:10)} 29. f3 {(01:07)} Rg5 {(01:08)} 30.
Nd6+ {(00:48)} Kc7 {(00:19)} 31. Ne8+ {(00:49)} Kc8 {
(00:46)} 32. Nd6+ {(00:22)} Kc7 {(00:03)} 33. Ne8+ {
(00:23)} Kc8 {(00:56)} 1/2-1/2